 Dungeon Crawl Stone Soup version 0.16.0-12-g7215832 (webtiles) character file.

214 valak23 the Conjurer (level 5, -3/28 HPs)
             Began as a Tengu Conjurer on Mar 19, 2015.
             Slain by an orc priest
             ... wielding a +0 hand axe
              (8 damage)
             ... on level 3 of the Dungeon.
             The game lasted 00:25:05 (3172 turns).

valak23 the Conjurer (Tengu Conjurer)               Turns: 3172, Time: 00:25:05

Health: -3/28      AC:  3    Str:  9    XL:     5   Next: 91%
Magic:  0/13       EV: 13    Int: 16    God:
Gold:   200        SH:  0    Dex: 14    Spells: 2 memorised, 8 levels left

rFire  . . .     SeeInvis .     e - +0 dagger
rCold  . . .     Clarity  .     a - +0 robe
rNeg   . . .     SustAb   .     (no shield)
rPois  .         Gourm    .     (helmet restricted)
rElec  .         Spirit   .     (no cloak)
rCorr  .         Warding  .     u - +0 pair of gloves
rMut   +         Stasis   .     (boots unavailable)
MR     .....                    f - amulet of resist mutation
Stlth  ++........               (no ring)
                                (no ring)

@: not resistant to hostile enchantments, unstealthy
A: able to fly, beak, talons 3
a: Fly


You were on level 3 of the Dungeon.
You were hungry.

You visited 1 branch of the dungeon, and saw 3 of its levels.

You collected 200 gold pieces.

Inventory:

Hand weapons
 e - a +0 dagger (weapon)
Missiles
 h - 8 steel bolts
Armour
 a - a +0 robe (worn)
 l - a +0 pair of boots
 s - a +0 plate armour
 u - a +0 pair of gloves (worn)
 v - a +0 robe
Jewellery
 f - an amulet of resist mutation (around neck)
Scrolls
 b - a scroll of fog {unknown}
 j - a scroll of noise {unknown}
 m - a scroll of enchant weapon {unknown}
 p - 2 scrolls of identify
 q - a scroll of remove curse {unknown}
 t - a scroll of magic mapping {unknown}
Potions
 g - a potion of cancellation {unknown}
 k - a potion of ambrosia {unknown}
 o - a potion of might {unknown}
 r - a potion of poison {unknown}
Books
 c - a book of Conjurations

   Spells                             Type                      Level
   a - Magic Dart                     Conjuration                  1
   b - Searing Ray                    Conjuration                  2
   c - Dazzling Spray                 Conjuration/Hexes            3
   d - Fulminant Prism                Conjuration/Hexes            4
   e - Iskenderun's Mystic Blast      Conjuration                  4
   f - Iskenderun's Battlesphere      Conjuration/Charms           5
Comestibles
 i - 3 beef jerkies
 n - a bread ration


   Skills:
 - Level 0.2 Fighting
 + Level 2.9 Dodging
 - Level 2.0 Stealth
 * Level 3.5 Spellcasting
 * Level 7.5 Conjurations


You had 8 spell levels left.
You knew the following spells:

 Your Spells              Type           Power        Failure   Level  Hunger
a - Magic Dart            Conj           ####         1%          1    None
b - Searing Ray           Conj           ####..       1%          2    ##.....


Dungeon Overview and Level Annotations

Branches:
Dungeon (3/15)

Altars:
Ashenzari
Dithmenos
Ru
Trog


Innate Abilities, Weirdness & Mutations

You can fly.
You have a beak for a mouth.
You have claws for feet.


Message History

The orc misses you. The orc priest closely misses you.
Casting: Searing Ray
Confirm with . or Enter, or press ? or * to list all spells.
Aiming: Magic Dart
Press: ? - help, Shift-Dir - straight line, f/p - orc priest
Aim: an orc priest, wielding a hand axe (severely wounded)
The magic dart hits the orc priest.
The orc priest is severely wounded.
The orc priest barely misses you.
Casting: Magic Dart
Confirm with . or Enter, or press ? or * to list all spells.
Aiming: Magic Dart
Press: ? - help, Shift-Dir - straight line, f/p - orc priest
Aim: an orc priest, wielding a hand axe (severely wounded)
The magic dart hits the orc priest.
The orc priest is almost dead.
You feel yourself speed up.
The orc priest hits you with a hand axe!
You die...

##### ......
.......
.......
..)....
####.......#
#o...)#
#o##### #@#
#.# #.# #.#
#.# #.# #.#
#.# #.#


You could see an orc priest and an orc.

Vanquished Creatures
  A jelly (D:3)
  2 orc wizards (D:3)
  3 adders
  2 worms
  5 giant geckos
  12 orcs (D:3)
  4 giant cockroaches
  15 hobgoblins
  6 bats
  7 goblins
  14 kobolds
  2 quokkas
  5 rats
78 creatures vanquished.

Notes
Turn   | Place    | Note
--------------------------------------------------------------
     0 | D:1      | valak23, the Tengu Conjurer, began the quest for the Orb.
     0 | D:1      | Reached XP level 1. HP: 10/10 MP: 3/3
   319 | D:1      | Reached XP level 2. HP: 10/15 MP: 0/5
   323 | D:1      | Learned a level 2 spell: Searing Ray
   754 | D:1      | Reached skill level 6 in Conjurations
   892 | D:1      | Reached XP level 3. HP: 13/19 MP: 1/7
  1777 | D:2      | Reached XP level 4. HP: 24/24 MP: 6/9
  2236 | D:3      | Reached skill level 7 in Conjurations
  2236 | D:3      | Reached XP level 5. HP: 28/28 MP: 0/13
  2433 | D:3      | Found a shadowy altar of Dithmenos.
  2435 | D:3      | Found a shattered altar of Ashenzari.
  2607 | D:3      | Found a bloodstained altar of Trog.
  2608 | D:3      | Found a sacrificial altar of Ru.
  3172 | D:3      | Slain by an orc priest

Action                   |  1- 3 |  4- 6 || total
-------------------------+-------+-------++-------
Melee: Unarmed           |    10 |       ||    10
       Dagger            |    22 |    23 ||    45
 Cast: Magic Dart        |    72 |    58 ||   130
       Searing Ray       |     5 |    16 ||    21
  Use: Scroll            |     3 |       ||     3
       Potion            |       |     2 ||     2
  Eat: Bread ration      |     1 |     1 ||     2
